 Dungeon Crawl Stone Soup version 0.18.1-50-g88ac8fd (webtiles) character file.

444 Monkfish the Sneak (level 7, 0/40 HPs)
             Began as a Kobold Assassin on Oct 23, 2016.
             Slain by a scorpion (3 damage)
             ... on level 3 of the Dungeon.
             The game lasted 00:08:59 (3130 turns).

Monkfish the Sneak (Kobold Assassin)                Turns: 3130, Time: 00:09:00

Health: 0/40       AC: 10    Str: 10    XL:     7   Next: 23%
Magic:  7/7        EV: 12    Int:  9    God:
Gold:   169        SH:  0    Dex: 19    Spells: 0 memorised, 6 levels left

rFire  . . .     SeeInvis .     q - +0 dagger (vamp)
rCold  . . .     Gourm    .     k - +4 ring mail
rNeg   . . .     Faith    .     (shield restricted)
rPois  .         Spirit   .     (no helmet)
rElec  .         Dismiss  .     d - +0 cloak
rCorr  .         Reflect  .     (no gloves)
SustAt .         Harm     .     (no boots)
MR     .....                    o - amulet of regeneration
Stlth  ++++......               (no ring)
                                (no ring)

@: lethally poisoned (0 -> -2), not resistant to hostile enchantments, stealthy
A: carnivore 3
a: no special abilities


You were on level 3 of the Dungeon.
You were completely stuffed.

You visited 1 branch of the dungeon, and saw 4 of its levels.

You collected 169 gold pieces.

Inventory:

Hand Weapons
 a - a +2 dagger
 b - a +2 blowgun
 q - a +0 vampiric dagger (weapon)
Missiles
 e - 13 poisoned needles
 f - 2 curare-tipped needles
Armour
 d - a +0 cloak (worn)
 k - a +4 ring mail (worn)
Jewellery
 o - an amulet of regeneration (around neck)
Scrolls
 c - 3 scrolls of identify
 h - 2 scrolls of teleportation
 j - a scroll of enchant armour
Comestibles
 g - 3 meat rations
 i - 2 chunks of flesh
 m - a slice of pizza
 n - a royal jelly


   Skills:
 + Level 2.7 Fighting
 + Level 3.7 Short Blades
 * Level 6.0 Throwing
 - Level 1.2 Dodging
 + Level 7.8 Stealth


You had 6 spell levels left.
You didn't know any spells.

Dungeon Overview and Level Annotations

Branches:
Dungeon (4/15)
 Temple: D:4-7

Altars:
Ashenzari
Nemelex Xobeh
Pakellas
Sif Muna
Trog


Innate Abilities, Weirdness & Mutations

You are small and have problems with some larger weapons.
You are carnivorous and can eat meat at any time.


Message History

The orc wizard mumbles some strange words.
The orc wizard blinks!
There is a stone staircase leading up here.
The scorpion stings you but does no damage.
You climb upwards.
There is a stone staircase leading down here.
You hit the scorpion but do no damage.
The scorpion is severely wounded.
You feel sick. The scorpion stings you.
* * * LOW HITPOINT WARNING * * *
You are more poisoned.
The scorpion poisons you!
You hit the scorpion but do no damage.
The scorpion is severely wounded.
The scorpion stings you!
* * * LOW HITPOINT WARNING * * *
Your ring mail prevents you from hitting the scorpion.
The scorpion is severely wounded.
You feel sick. The scorpion stings you.
You die...

#...........##.####
#.######
#...........##.#
#.#
#...........##.#
#.#
#...........##.#
#.######
#....####.#.##.####
#.#....# #....#
#.#.......#
#.#.##.# #....#
#....#.##.#
#.#.##.# #....#
##...#.##.#
#.#.##.# #....#
#.@.#....###.#.##.#
######
##s.##.....#.#.##.#
#...'.....'....#.#
#.###.....#.####.#
#)# #.....#..รท...#
#.# #.....#####...
#.# #.....# #.##
#)# #.....# #.# #)#
#.....# #.#


You could see a scorpion.

Vanquished Creatures
  Sigmund (D:4)
  A howler monkey (D:4)
  A giant frog skeleton (D:4)
  7 gnolls
  5 adders
  An ooze (D:2)
  An adder zombie (D:3)
  2 worms (D:2)
  2 giant geckos (D:2)
  9 orcs
  6 giant cockroaches
  8 hobgoblins
  3 jackals
  8 kobolds
  3 quokkas
  A ball python (D:4)
  9 bats
  3 giant newts
  6 goblins
  A jackal skeleton (D:4)
  8 rats
86 creatures vanquished.

Notes
Turn   | Place    | Note
--------------------------------------------------------------
     0 | D:1      | Monkfish the Kobold Assassin began the quest for the Orb.
     0 | D:1      | Reached XP level 1. HP: 12/12 MP: 1/1
   304 | D:1      | Reached XP level 2. HP: 11/17 MP: 2/2
   590 | D:1      | Reached skill level 6 in Stealth
   822 | D:2      | Reached XP level 3. HP: 21/21 MP: 3/3
   831 | D:2      | Found a shattered altar of Ashenzari.
   860 | D:2      | Found a deep blue altar of Sif Muna.
   862 | D:2      | Found a bloodstained altar of Trog.
  1067 | D:2      | Found an oddly glowing altar of Pakellas.
  1109 | D:2      | Reached XP level 4. HP: 25/26 MP: 4/4
  1938 | D:3      | Reached XP level 5. HP: 29/31 MP: 5/5
  2508 | D:3      | Reached skill level 7 in Stealth
  2794 | D:4      | Noticed Sigmund
  2795 | D:4      | Found a sparkling altar of Nemelex Xobeh.
  2796 | D:4      | Killed Sigmund
  2796 | D:4      | Reached skill level 5 in Throwing
  2796 | D:4      | Reached XP level 6. HP: 36/36 MP: 6/6
  2885 | D:4      | Reached XP level 7. HP: 40/40 MP: 7/7
  3130 | D:3      | Slain by a scorpion

Skill      XL: |  1  2  3  4  5  6  7 |
---------------+----------------------+-----
Stealth        | 6 7 |  7.8
Short Blades   | 3 |  3.7
Throwing       | 3 5 6 |  6.0
Fighting       | |  2.7
Dodging        | |  1.2

Action                   |  1- 3 |  4- 6 |  7- 9 || total
-------------------------+-------+-------+-------++-------
Melee: Dagger            |    61 |   162 |   154 ||   377
 Fire: Blowgun           |    33 |    34 |       ||    67
  Use: Scroll            |     5 |     7 |       ||    12
       Potion            |       |     5 |       ||     5
 Stab: Sleeping          |     4 |     9 |       ||    13
       Distracted        |       |     2 |       ||     2
  Eat: Chunk             |     7 |    11 |     2 ||    20
Armor: Robe              |    11 |       |       ||    11
       Ring mail         |    22 |    61 |    52 ||   135
Dodge: Dodged            |    57 |   117 |   104 ||   278
